 Dungeon Crawl Stone Soup version 0.27-a0-1196-g3e9cee4cb2 (webtiles) character file.

Game seed: 594150921146724014

177111 toffzen the Impaler (level 18, -5/180 HPs)
             Began as a Tengu Berserker on May 26, 2021.
             Was a High Priest of Trog.
             Slain by a naga warrior
             ... wielding a +0 long sword
              (20 damage)
             ... on level 4 of the Snake Pit on May 27, 2021.
             The game lasted 01:12:23 (45396 turns).

toffzen the Impaler (Tengu Berserker)              Turns: 45396, Time: 01:12:24

Health: -5/180     AC: 22    Str: 23    XL:     18   Next: 15%
Magic:  19/19      EV: 14    Int:  8    God:    Trog [*****.]
Gold:   3170       SH: 23    Dex: 16    Spells: 17/17 levels left

rFire    . . .     SeeInvis .   b - +0 broad axe (freeze)
rCold    + . .     Faith    .   r - +0 tower shield
rNeg     . . .     Spirit   .   H - +0 plate armour {rPois}
rPois    +         Reflect  +   v - +1 hat
rElec    .         Harm     .   f - +1 cloak
rCorr    .         Rampage  .   W - +0 pair of gloves
Will     +....                  (boots unavailable)
Stlth    ..........             g - amulet of reflection
HPRegen  0.40/turn              p - ring of protection from cold
MPRegen  0.16/turn              U - +4 ring of evasion

@: berserking (expiring), flying quickly and evasively, slowed, constricted,
quick
A: beak, talons 3, nimble flight
a: Renounce Religion, Berserk, Trog's Hand, Brothers in Arms


You were on level 4 of the Snake Pit.
You worshipped Trog.
Trog was extremely pleased with you.
You visited 4 branches of the dungeon, and saw 27 of its levels.

You collected 3464 gold pieces.
You spent 294 gold pieces at shops.

Inventory:

Hand Weapons
 a - a +3 trident of protection
 b - a +0 broad axe of freezing (weapon)
 t - a +4 trident of flaming
 O - the +8 battleaxe "Demonslayer" {freeze, rN+ Dex+6}
   (You found it on level 6 of the Lair of Beasts)

   It has been specially enchanted to freeze those struck by it, causing extra
   injury to most foes and up to half again as much damage against particularly
   susceptible opponents.
   It can also slow down cold-blooded creatures.
   It affects your dexterity (+6).
   It protects you from negative energy.
 V - a +8 trident of flaming
Missiles
 i - 883 stones
 z - 5 atropa-tipped darts
 J - 4 curare-tipped darts
 L - 5 boomerangs of dispersal
 N - 2 throwing nets
Armour
 f - a +1 cloak (worn)
 l - a +1 scale mail of cold resistance
 r - a +0 tower shield (worn)
 v - a +1 hat (worn)
 C - a +0 plate armour of fire resistance
 H - a +0 plate armour of poison resistance (worn)
 W - a +0 pair of gloves (worn)
Jewellery
 g - an amulet of reflection (around neck)
 p - a ring of protection from cold (left hand)
 G - a ring of resist corrosion
 I - a ring of ice
 R - an amulet of the acrobat
 U - a +4 ring of evasion (right hand)
 Y - a ring of protection from fire
 Z - a ring of positive energy
Wands
 n - a wand of digging (4)
 q - a wand of flame (53)
 s - a wand of mindburst (33)
 w - a wand of acid (8)
 M - a wand of paralysis (8)
 P - a wand of charming (9)
 X - a wand of iceblast (32)
Scrolls
 d - 4 scrolls of blinking
 e - 7 scrolls of magic mapping
 h - 7 scrolls of fear
 j - 11 scrolls of teleportation
 x - 3 scrolls of enchant weapon
 y - 10 scrolls of identify
 D - a scroll of immolation
 Q - a scroll of enchant armour
 S - a scroll of brand weapon
 T - a scroll of fog
Potions
 c - 8 potions of mutation
 k - 7 potions of might
 m - 4 potions of cancellation
 o - 3 potions of heal wounds
 u - a potion of attraction
 A - 6 potions of lignification
 B - 13 potions of curing
 F - 3 potions of invisibility
 K - 2 potions of haste


   Skills:
 * Level 16.0 Fighting
 + Level 18.0 Polearms
 + Level 15.0 Armour
 + Level 15.0 Dodging
 - Level 10.6 Shields


You had 17 spell levels left.
You didn't know any spells.
Your spell library was empty.

Dungeon Overview and Level Annotations

Branches:
Dungeon (15/15)            Temple (0/1) D:5            Lair (6/6) D:8
 Shoals (0/4) Lair:2        Snake (4/4) Lair:2        Slime (0/5) Lair:5
    Orc (2/2) D:10            Elf (0/3) Orc:2        Vaults (0/5) D:14
 Depths (0/5) D:15

Altars:
Vehumet
Beogh
Jiyva

Shops:
D:7 (   Orc:2 ([*:   Snake:1 *

Annotations:
D:2 Natasha
D:11 1 runed translucent door, PeterLawrence's ghost, journeyman MiBe
Lair:3 2 transporters, Goblin1989's ghost, journeyman DsDe


Innate Abilities, Weirdness & Mutations

You have a beak for a mouth.
You have claws for feet.
Your magical nature lets you fly swiftly and evasively.


Message History

You slash the naga warrior! You freeze the naga warrior.
The naga warrior no longer looks unusually strong.
You block the naga warrior's attack. The naga warrior spits poison at you.
The splash of poison reflects off an invisible shield around you!
The naga warrior blocks the splash of poison.
* * * LOW HITPOINT WARNING * * *
The naga warrior constricts you.
You slash the naga warrior! You freeze the naga warrior.
You claw the naga warrior.
You feel the power of Trog in you as your rage grows.
You kill the naga warrior!
Trog accepts your kill. Something appears before you!
You see here a +2 antimagic glaive.
Trog grants you a weapon!
You slash the naga warrior! You freeze the naga warrior.
The naga warrior barely misses you. The naga warrior constricts you.
Your Fighting skill increases to level 16!
The naga warrior blocks your attack.
Your kick misses the naga warrior.
The naga warrior is heavily wounded.
You block the naga warrior's attack.
* * * LOW HITPOINT WARNING * * *
The naga warrior constricts you. You block the naga warrior's attack.
The naga warrior constricts you. The naga warrior blocks your attack. x3
The naga warrior is moderately wounded.
You block the naga warrior's attack.
* * * LOW HITPOINT WARNING * * *
The naga warrior constricts you.
You slash the naga warrior! You freeze the naga warrior.
The naga warrior blocks your attack.
The naga warrior is heavily wounded.
The naga warrior spits poison at you. The splash of poison hits you.
You resist.
* * * LOW HITPOINT WARNING * * *
The naga warrior constricts you. The naga warrior blocks your attack.
Your peck misses the naga warrior.
The naga warrior is heavily wounded.
The naga warrior hits you with a +0 long sword!!
You die...

*,,,,,,,,,............##
**,****#................##
*,,*####.................###
,,*,,....................:.##
,**,,,......................##
**,,***#.....................##
*,,#####.............)........##
,,*#.......).....))............##
,**.............@N.........##...#
**,........#####....<......##....
*,,........#####..).........##...
,,*..........................#...
***.......#....#.....##########..
,,*###...##....#...###,,,,,,**##.
,,,,,####*#....#.###,,,,,,,,,,,##
,,,,,,** #....###,,,,,,,,,,,,,,,
**,,,,,* #....#*,,,,,*******,,,,


You could see a naga warrior (catching breath).

Vanquished Creatures
  Saint Roka (Orc:2)
  Rupert (Lair:6)
  Frances (D:13)
  Agnes (D:13)
  Kirke (D:13)
  3 nagarajas
  Aizul (Snake:2)
  An orc warlord (Orc:1)
  4 ghouls (D:13)
  2 dire elephants (Snake:4)
  Josephine (D:10)
  Snorg (D:11)
  Fannar (D:9)
  Erolcha (D:10)
  A vault guard (D:13)
  A catoblepas (Lair:6)
  A salamander tyrant (Snake:4)
  2 ice dragons (D:15)
  9 naga warriors
  16 hydras
  3 anacondas
  A death knight (D:14)
  5 centaur warriors
  4 two-headed ogres
  An orc high priest (Orc:1)
  A tengu warrior (D:14)
  Urug (D:9)
  12 death yaks
  11 naga sharpshooters
  Sonja (D:10)
  4 shock serpents
  Nergalle (Lair:1)
  A deep elf knight (Snake:4)
  4 salamander mystics
  16 skeletal warriors
  2 naga ritualists
  A deep elf archer (Snake:4)
  Pikel (D:7)
  3 orc knights
  5 mana vipers
  8 orc sorcerers
  2 deep elf pyromancers
  6 cyclopes
  9 ugly things
  15 slime creatures
  15 salamanders
  A merfolk siren (Lair:2)
  4 manticores
  15 naga magi
  5 elephants
  Maurice (Orc:1)
  A guardian serpent (Snake:4)
  23 black mambas
  3 torpor snails
  Maggie (Lair:2)
  2 gargoyles (D:13)
  15 cane toads
  Psyche (D:8)
  4 rime drakes
  2 kobold demonologists
  3 tengu conjurers
  11 komodo dragons
  An efreet (D:13)
  A polar bear (Lair:4)
  7 trolls
  A hornet (D:9)
  A wind drake (shapeshifter) (D:14)
  A guardian mummy (D:12)
  26 blink frogs
  A meliai zombie (D:13)
  8 dream sheep
  A snapping turtle (shapeshifter) (D:15)
  78 yaks
  A centaur simulacrum (D:14)
  5 wyverns
  A spriggan (shapeshifter) (D:15)
  9 wraiths
  4 basilisks
  A fire elemental (D:13)
  3 vampire mosquitoes (D:14)
  3 wargs (Orc:1)
  37 nagas
  11 water moccasins
  2 acid dragons
  A hell hound (Snake:4)
  34 orc warriors
  A floating eye (shapeshifter) (D:14)
  2 sky beasts
  6 black bears
  A necrophage (D:7)
  11 ogres
  14 wolves
  4 boggarts (D:14)
  7 centaurs
  3 lemures
  5 kobold brigands
  26 bullfrogs
  3 gnoll sergeants
  3 scorpions
  9 killer bees (D:9)
  3 howler monkeys
  14 wights
  3 electric eels
  A jelly (D:6)
  5 centaur zombies
  A lava snake (D:13)
  19 orc priests
  5 hounds
  2 centaur skeletons (D:7)
  A bullfrog skeleton (D:4)
  Jessica (D:2)
  5 iguanas
  Natasha (D:2)
  18 orc wizards
  A hound skeleton (D:4)
  3 mummies (D:13)
  Robin (D:2)
  14 gnolls
  A howler monkey skeleton (D:6)
  12 adders
  A shadow imp (D:8)
  A white imp (D:7)
  An adder skeleton (D:4)
  A worm (D:4)
  A dart slug (D:3)
  74 orcs
  6 ball pythons
  5 bats
  7 endoplasms
  6 giant cockroaches
  14 goblins
  6 hobgoblins
  27 kobolds
  2 quokkas
  4 frilled lizards
  4 rats
879 creatures vanquished.

Vanquished Creatures (collateral kills)
  A hydra (Lair:6)
  A boulder beetle (D:12)
  A manticore (Lair:6)
3 creatures vanquished.

Vanquished Creatures (others)
  3 humans (D:13)
  A centaur (D:15)
  A howler monkey (D:14)
  An orc priest (Orc:2)
  A kobold (D:10)
  40 fungi
  40 plants
  7 withered plants (D:13)
94 creatures vanquished.

Grand Total: 976 creatures vanquished

Notes
Turn   | Place    | Note
-------+----------+-------------------------------------------
     0 | D:1      | toffzen the Tengu Berserker began the quest for the Orb.
     0 | D:1      | Reached XP level 1. HP: 14/14 MP: 2/2
   181 | D:1      | Reached XP level 2. HP: 19/19 MP: 3/3
   950 | D:2      | Reached XP level 3. HP: 23/23 MP: 4/4
  1064 | D:2      | Found a faded altar of an unknown god.
  1107 | D:2      | Reached skill level 4 in Polearms
  1107 | D:2      | Reached ** piety under Trog
  1252 | D:2      | Noticed Natasha
  1258 | D:2      | Killed Natasha
  1259 | D:2      | Reached XP level 4. HP: 28/28 MP: 5/5
  1433 | D:2      | Noticed Natasha
  1556 | D:2      | Noticed Jessica
  1562 | D:2      | Killed Jessica
  1563 | D:2      | Gained mutation: Your magical nature lets you fly swiftly
                  | and evasively. [Tengu growth]
  1563 | D:2      | Reached XP level 5. HP: 32/32 MP: 6/6
  1876 | D:2      | Noticed Robin
  1898 | D:2      | Killed Robin
  2683 | D:3      | Reached skill level 5 in Polearms
  3117 | D:4      | Reached XP level 6. HP: 36/38 MP: 7/7
  3292 | D:4      | Identified the +1 pair of boots of Undesirable Species
                  | {Dex+2}
  3818 | D:5      | Entered Level 5 of the Dungeon
  3830 | D:5      | Reached *** piety under Trog
  3845 | D:4      | Reached XP level 7. HP: 43/43 MP: 8/8
  3960 | D:5      | Found a radiant altar of Vehumet.
  3981 | D:5      | Reached skill level 6 in Polearms
  4253 | D:5      | Found a staircase to the Ecumenical Temple.
  4747 | D:6      | Reached XP level 8. HP: 45/48 MP: 9/9
  4790 | D:6      | Reached skill level 7 in Polearms
  4969 | D:6      | Reached skill level 5 in Fighting
  4969 | D:6      | Reached skill level 5 in Armour
  5151 | D:6      | Reached skill level 5 in Dodging
  5621 | D:6      | Noticed a wyvern
  5629 | D:6      | Killed a wyvern
  5630 | D:6      | Reached skill level 8 in Polearms
  6161 | D:7      | Noticed Pikel
  6166 | D:7      | Noticed a yak
  6225 | D:7      | Noticed a yak
  6225 | D:7      | Noticed a yak
  6225 | D:7      | Noticed a yak
  6225 | D:7      | Noticed a yak
  6225 | D:7      | Noticed a yak
  6231 | D:6      | Killed a yak
  6232 | D:6      | Reached XP level 9. HP: 43/55 MP: 10/10
  6793 | D:7      | Reached skill level 9 in Polearms
  7290 | D:6      | Reached **** piety under Trog
  7477 | D:7      | Found Pixov's Antique Weapon Shop.
  7703 | D:7      | Reached skill level 10 in Polearms
  7861 | D:7      | Reached XP level 10. HP: 61/61 MP: 11/11
  8010 | D:7      | Killed Pikel
  8353 | D:8      | Identified the +3 dagger of Dishonesty {holy, Str+2 Dex+2
                  | SInv}
  8689 | D:8      | Noticed Psyche
  8816 | D:8      | Killed Psyche
  8947 | D:8      | Reached skill level 11 in Polearms
  9037 | D:8      | Noticed an elephant
  9137 | D:8      | Killed an elephant
  9223 | D:8      | Found a staircase to the Lair.
  9803 | D:9      | Reached skill level 1 in Shields
  9982 | D:9      | Reached XP level 11. HP: 54/68 MP: 12/12
 10187 | D:9      | Reached skill level 12 in Polearms
 10545 | D:9      | Noticed a two-headed ogre
 10561 | D:9      | Killed a two-headed ogre
 10822 | D:10     | Entered Level 10 of the Dungeon
 10878 | D:10     | Noticed Urug
 10893 | D:9      | Killed Urug
 11073 | D:10     | Noticed Erolcha
 11073 | D:10     | Noticed a skeletal warrior
 11073 | D:10     | Noticed a skeletal warrior
 11073 | D:10     | Noticed a skeletal warrior
 11073 | D:10     | Noticed a skeletal warrior
 11088 | D:9      | Killed a skeletal warrior
 11155 | D:10     | Noticed Fannar
 11172 | D:9      | Killed Fannar
 11273 | D:10     | Reached ***** piety under Trog
 11345 | D:9      | Killed a skeletal warrior
 11346 | D:9      | Reached XP level 12. HP: 72/75 MP: 13/13
 11506 | D:9      | Reached skill level 13 in Polearms
 12265 | D:10     | Killed Erolcha
 12892 | D:10     | Found a staircase to the Orcish Mines.
 13231 | D:10     | Noticed Josephine
 13238 | D:10     | Killed Josephine
 13332 | D:10     | Noticed Sonja
 13347 | D:10     | Killed Sonja
 13348 | D:10     | Reached skill level 5 in Shields
 13745 | Lair:1   | Entered Level 1 of the Lair of Beasts
 13864 | D:8      | Reached skill level 10 in Armour
 13950 | Lair:1   | Reached skill level 10 in Dodging
 13958 | Lair:1   | Noticed Nergalle
 13971 | Lair:1   | Killed Nergalle
 14754 | Lair:1   | Identified a scroll of acquirement
 14754 | Lair:1   | Acquired 673 gold pieces
 14825 | Lair:2   | Reached skill level 14 in Polearms
 14997 | Lair:1   | Reached XP level 13. HP: 79/81 MP: 14/14
 15317 | Lair:2   | Noticed Maggie
 15319 | Lair:2   | Received a gift from Trog
 15711 | Lair:2   | Reached skill level 10 in Fighting
 15718 | Lair:2   | Found a staircase to the Snake Pit.
 15776 | Lair:2   | Killed Maggie
 16097 | Lair:2   | You are sucked into a shaft and drop 1 floor!
 16489 | Lair:2   | Found a staircase to the Shoals.
 16790 | Lair:3   | Found a transporter.
 16841 | Lair:3   | Noticed Goblin1989's ghost (journeyman DsDe)
 16854 | Lair:3   | Found a transporter.
 17836 | Lair:4   | Reached skill level 15 in Polearms
 19218 | Lair:5   | Reached XP level 14. HP: 88/88 MP: 15/15
 20357 | Lair:5   | Found a viscous altar of Jiyva.
 20357 | Lair:5   | Found a staircase to the Slime Pits.
 20530 | Lair:6   | Entered Level 6 of the Lair of Beasts
 20875 | Lair:6   | Reached skill level 16 in Polearms
 21080 | Lair:6   | Noticed Rupert
 21092 | Lair:6   | Killed Rupert
 22154 | Lair:6   | Reached XP level 15. HP: 82/95 MP: 16/16
 22727 | Lair:6   | Identified the +8 battleaxe "Demonslayer" {freeze, rN+
                  | Dex+6}
 22728 | Lair:6   | Identified the +3 hunting sling "Bal Coru" {freeze, Will++}
 23428 | D:11     | Found a runed translucent door.
 23429 | D:11     | Noticed PeterLawrence's ghost (journeyman MiBe)
 23429 | D:11     | Identified the +7 spear "Seenav" {vamp, Str+2 Int+4 Dex+5}
 24432 | D:12     | Noticed Snorg
 24446 | D:11     | Killed Snorg
 25317 | D:12     | Reached skill level 17 in Polearms
 26038 | D:13     | Noticed a ghoul
 26055 | D:13     | Killed a ghoul
 26174 | D:13     | Received a gift from Trog
 26653 | D:13     | Noticed a ghoul
 26670 | D:13     | Killed a ghoul
 26790 | D:13     | Noticed a ghoul
 26800 | D:13     | Killed a ghoul
 26909 | D:13     | Noticed a ghoul
 27125 | D:13     | Killed a ghoul
 27324 | D:13     | Noticed Kirke
 27354 | D:13     | Killed Kirke
 27496 | D:13     | Reached XP level 16. HP: 73/103 MP: 17/17
 27669 | D:13     | Noticed Frances
 27697 | D:13     | Killed Frances
 27786 | D:13     | Reached skill level 10 in Shields
 29136 | D:14     | Noticed Agnes
 29160 | D:13     | Killed Agnes
 29942 | D:14     | Found a gate to the Vaults.
 30997 | D:15     | Entered Level 15 of the Dungeon
 31470 | D:15     | Found a staircase to the Depths.
 32074 | D:15     | Upgraded the game from 0.27-a0-1193-g8631133539 to
                  | 0.27-a0-1196-g3e9cee4cb2
 32175 | Orc:1    | Entered Level 1 of the Orcish Mines
 32359 | Orc:1    | Noticed Maurice
 32378 | Orc:1    | Killed Maurice
 32903 | Orc:2    | Entered Level 2 of the Orcish Mines
 33031 | Orc:1    | Received a gift from Trog
 33574 | Orc:2    | Noticed Saint Roka
 33725 | Orc:1    | Paralysed by an orc sorcerer for 6 turns
 35090 | Orc:2    | Found a staircase to the Elven Halls.
 35959 | Orc:2    | Killed Saint Roka
 35960 | Orc:2    | Reached XP level 17. HP: 85/112 MP: 18/18
 36341 | Orc:2    | Received a gift from Trog
 36409 | Orc:2    | Found Ytephig's Antique Armour Shoppe.
 36425 | Orc:2    | Found Mischuisa's Book Shoppe.
 36556 | Orc:2    | Found Guawemnu's Antique Weapon Shoppe.
 36572 | Orc:2    | Found Ixinac's General Store.
 36803 | Snake:1  | Entered Level 1 of the Snake Pit
 37767 | Snake:1  | Found Ytiliwof's General Store.
 37775 | Snake:1  | Bought a potion of haste for 140 gold pieces
 37775 | Snake:1  | Bought a potion of curing for 42 gold pieces
 37775 | Snake:1  | Bought a potion of mutation for 112 gold pieces
 38492 | Snake:2  | Noticed Aizul
 38508 | Snake:2  | Killed Aizul
 38992 | Snake:1  | Reached skill level 15 in Fighting
 41230 | Snake:3  | Received a gift from Trog
 42242 | Snake:4  | Entered Level 4 of the Snake Pit
 43934 | Snake:4  | Reached XP level 18. HP: 104/120 MP: 19/19
 44235 | Snake:4  | Reached skill level 15 in Armour
 44869 | Snake:3  | Reached skill level 18 in Polearms
 44957 | Snake:3  | Reached skill level 15 in Dodging
 45392 | Snake:4  | Received a gift from Trog
 45396 | Snake:4  | Slain by a naga warrior

Illustrated notes

Levels and vault maps discovered:
D:1:      doesnt_arrival_eight_statues, layout_basic
D:2:      layout_basic, shapermc_ecumenical_altar_venn, uniq_jessica,
          uniq_natasha, uniq_robin
D:3:      layout_basic, serial_bayou_pond_a, minivault_11, hangedman_decor_push,
          minmay_box_of_dots
D:4:      layout_loops_ring, supply_closet_lemuel
D:5:      layout_basic, vehumet_crystals, minmay_temple_entry_arrows,
          minmay_misc_feat_alley
D:6:      layout_basic, gup_sewer_entry_bowl
D:7:      layout_loops_ring, serial_shops, shop_fountains, amethyst_killhole,
          due_unseen_surprise, uniq_pikel
D:8:      layout_cave_pools, david_lair_generic, uniq_psyche, uniq_joseph
D:9:      layout_irregular_city
D:10:     layout_roguey, david_orc_4, uniq_sonja, uniq_erolcha, uniq_josephine,
          uniq_fannar, uniq_urug
D:11:     layout_stronghold, ebering_ghost_funeral_grove
D:12:     layout_long_grid, grunt_decor_mini_mirrors, uniq_snorg
D:13:     layout_basic, serial_undead, serial_undead_e, serial_undead_d,
          serial_undead_b, serial_undead_f, serial_undead_c, serial_undead_b,
          uniq_frances, uniq_kirke
D:14:     layout_cave_pods, david_vaults_5, minmay_fountain_box,
          skrybe_limestone_x, uniq_agnes
D:15:     grunt_enter_depths_hoard, layout_loops_ring, small_statue_intersection
Lair:1:   layout_roguey, lemuel_fruit_fields, grunt_megastairs_1, uniq_nergalle
Lair:2:   layout_regular_city, minmay_shoals_entry_lonely_mermaid,
          guppyfry_snake_entry_island, nicolae_quartered_pool_little,
          beast_lair_carwin_8, lemuel_fruit_tree, lemuel_fruit_fields,
          uniq_maggie
Lair:3:   layout_concentric_octagons, gammafunk_ghost_berserking_beasts,
          grunt_megastairs_2, infiniplex_staircase_pool_2
Lair:4:   layout_gridlike, portal_ice_cave_entry_pillars_1
Lair:5:   nzn_winding_woodlands_medium [nzn_winding_woodlands_5x5_open_star,
          nzn_winding_woodlands_5x15_lazy_stream,
          nzn_winding_woodlands_5x5_cross,
          nzn_winding_woodlands_5x5_checkerboard,
          nzn_winding_woodlands_center_lodge, nzn_winding_woodlands_hourglass,
          nzn_winding_woodlands_5x5_three,
          nzn_winding_woodlands_5x15_concentric,
          nzn_winding_woodlands_5x5_closed_star], layout_hall_layers,
          slime_altar_1
Lair:6:   hangedman_lair_in_review, layout_small_grid, grunt_megastairs_4,
          serial_bayou_shore_b, serial_bayou_shore_a, uniq_rupert
Snake:1:  layout_misc_corridors, serial_shops, shop, grunt_megastairs_3
Snake:2:  layout_onion, uniq_aizul
Snake:3:  layout_misc_corridors
Snake:4:  grunt_snake_rune_spirals, layout_onion, serial_shops,
          nicolae_shop_statue_plus, drop_trap, beargit_elvish_explorers
Orc:1:    layout_diamond_mine, basic_altar, uniq_maurice
Orc:2:    grunt_orc_cross, layout_caves

Skill      XL: |  1  2  3  4  5  6  7  8  9 10 11 12 13 14 15 16 17 18 |
---------------+-------------------------------------------------------+-----
Polearms       | 4 5 6 8 10 11 12 14 15 16 17 18 | 18.0
Armour         | 3 4 5 7 8 9 10 11 12 13 14 15 | 15.0
Dodging        | 3 4 5 7 8 9 10 11 12 13 14 15 | 15.0
Fighting       | 4 5 6 7 8 9 10 11 12 14 15 16 | 16.0
Shields        | 1 4 5 7 8 9 10 | 10.6

Action                   |  1- 3 |  4- 6 |  7- 9 | 10-12 | 13-15 | 16-18 || total
-------------------------+-------+-------+-------+-------+-------+-------++-------
Melee: Spear             |    89 |   139 |   259 |       |       |       ||   487
       Kick              |    11 |    34 |   108 |   228 |   535 |   450 ||  1366
       Peck              |     8 |    16 |    56 |   138 |   381 |   287 ||   886
       Trident           |       |       |    35 |   718 |  1314 |  1332 ||  3399
       Broad axe         |       |       |       |       |    52 |   158 ||   210
Invok: Berserk           |     2 |     3 |    15 |    27 |    33 |    29 ||   109
       Trog's Hand       |       |       |       |     6 |    12 |    13 ||    31
       Brothers in Arms  |       |       |       |       |     3 |       ||     3
Evoke: Wand              |       |       |       |     4 |     5 |       ||     9
  Use: Scroll            |       |     7 |     3 |    13 |     2 |     2 ||    27
       Potion            |       |       |       |     1 |     1 |     2 ||     4
 Stab: Distracted        |       |       |       |       |     2 |       ||     2
       Petrified         |       |       |       |       |     2 |       ||     2
Armor: Ring mail         |    15 |    18 |       |       |       |       ||    33
       Animal skin       |     1 |       |       |       |       |       ||     1
       Scale mail        |       |     7 |    43 |    92 |    20 |       ||   162
       Swamp dragon scal |       |       |       |       |   197 |    83 ||   280
       Plate armour      |       |       |       |       |       |   112 ||   112
Dodge: Dodged            |    26 |    37 |   125 |   182 |   463 |   519 ||  1352
Block: Other             |       |     8 |    39 |    15 |       |       ||    62
       Reflection        |       |       |     1 |    10 |    16 |   158 ||   185
       Kite shield       |       |       |       |   272 |   813 |   699 ||  1784
       Tower shield      |       |       |       |       |       |   373 ||   373

Table legend: (Time is in decaauts)
 A = Elapsed time spent in this place.
 B = Non-inter-level travel time spent in this place.
 C = Inter-level travel time spent in this place.
 D = Time resting spent in this place.
 E = Time spent auto-exploring this place.
 F = Levels seen in this place.
 G = Mean time per level.
                   A        B        C        D        E       F      G
               +--------+--------+--------+--------+--------+-----+--------+
         Total |  43790 |  42256 |   1534 |  19653 |  12987 |  27 | 1621.9 |
       Dungeon |  22134 |  21199 |    935 |   8846 |   7643 |  15 | 1475.6 |
          Lair |   8993 |   8587 |    406 |   3308 |   3326 |   6 | 1498.8 |
     Snake Pit |   8334 |   8218 |    116 |   5464 |   1212 |   4 | 2083.5 |
  Orcish Mines |   4328 |   4252 |     76 |   2034 |    805 |   2 | 2164.0 |
               +--------+--------+--------+--------+--------+-----+--------+

Top non-repeatable levels by time:
   Orc:1: 2997 daAuts
 Snake:3: 2966 daAuts
     D:6: 2492 daAuts
    D:13: 2373 daAuts
 Snake:1: 2339 daAuts
  Lair:5: 2323 daAuts
    D:12: 2256 daAuts
     D:9: 2223 daAuts
  Lair:6: 2102 daAuts
    D:10: 2064 daAuts
 Snake:2: 1892 daAuts
    D:14: 1708 daAuts
     D:8: 1410 daAuts
     D:2: 1402 daAuts
   Orc:2: 1331 daAuts
